 Dungeon Crawl Stone Soup version 0.29.1-15-g9cfb28693d (webtiles) character file.

Game seed: 16602853853135627711

32 KittyFluff the Trooper (level 3, 0/36 HPs)
             Began as a Gargoyle Berserker on Apr 10, 2023.
             Was a Follower of Trog.
             Slain by a goblin
             ... wielding a +0 club
             ... led by Robin
              (5 damage)
             ... on level 2 of the Dungeon.
             The game lasted 00:04:34 (1018 turns).

KittyFluff the Trooper (Gargoyle Berserker)         Turns: 1018, Time: 00:04:34

Health: 0/36       AC:  6    Str: 20    XL:     3   Next: 25%
Magic:  3/3        EV: 12    Int:  7    God:    Trog [*.....]
Gold:   119        SH:  0    Dex: 11    Spells: 2/2 levels left

rFire   . . .      SeeInvis .   a - +0 mace
rCold   . . .      Faith    .   (no shield)
rNeg    + . .      Spirit   .   b - +0 animal skin
rPois   ∞          Reflect  .   (no helmet)
rElec   +          Harm     .   (no cloak)
rCorr   .          Rampage  .   (no gloves)
Will    .....                   i - +0 pair of boots
Stlth   ..........              (no amulet)
HPRegen 0.12/turn               (no ring)
MPRegen 0.08/turn               (no ring)

@: berserking, very quick
A: sickness immunity, AC +3, negative energy resistance 1, electricity
resistance, torment resistance 1, petrification resistance
a: Renounce Religion, Berserk


You were on level 2 of the Dungeon.
You worshipped Trog.
Trog was aware of your devotion.
You visited 1 branch of the dungeon, and saw 2 of its levels.

You collected 119 gold pieces.

Inventory:

Hand Weapons
 a - a +0 mace (weapon)
 d - a +0 sling
Missiles
 c - 27 stones (quivered)
Armour
 b - a +0 animal skin (worn)
 i - a +0 pair of boots (worn)
Jewellery
 f - a ring of fire
Scrolls
 e - a scroll of identify {unknown}
 h - a scroll of fog {unknown}
 j - a scroll of brand weapon {unknown}
 k - a scroll of amnesia {unknown}
Potions
 g - a potion of curing {unknown}


   Skills:
 + Level 3.8 Fighting
 + Level 3.6 Maces & Flails
 + Level 2.3 Armour
 + Level 1.7 Dodging
 + Level 0.2 Stealth


You had 2 spell levels left.
You didn't know any spells.
Your spell library was empty.

Dungeon Overview and Level Annotations

Branches:
Dungeon (2/15)

Altars:

Annotations:
D:2 Robin


Innate Abilities, Weirdness & Mutations

You are immune to sickness and miasma.
Your stone body is resilient. (AC +3)
You are immune to poison.
You resist negative energy. (rN+)
You are resistant to electric shocks. (rElec)
You are resistant to unholy torment.
You are immune to petrification.


Message History

A goblin comes into view. It is wielding a +0 falchion.
The goblin shouts!
Robin throws the goblin at you! The goblin closely misses you.
The goblin shouts!
You hear a shout!
The goblin hits you but does no damage.
Robin says, "A pitiful Gargoyle like you will never find the ORB!"
Robin throws the goblin at you!
A goblin comes into view. It is wielding a +0 club.
The goblin shouts! x2
The goblin shouts!
A goblin comes into view. It is wielding a +0 dagger of speed.
Robin roars a battlecry!
The goblins go into a battle-frenzy!
The goblin hits you with a +0 dagger.
You barely miss the goblin. The goblin closely misses you.
The goblin hits you but does no damage.
You sock the goblin!
You kill the goblin!
Trog accepts your kill. The goblin misses you. The goblin closely misses you.
The goblin hits you with a +0 club.
You hit the goblin.
You kill the goblin!
Trog accepts your kill. The goblin hits you with a +0 club.
You closely miss the goblin. The goblin hits you but does no damage.
Robin throws the goblin at you! The goblin barely misses you.
A red film seems to cover your vision as you go berserk!
You feel yourself moving faster!
You feel mighty! The goblin closely misses you. The goblin misses you.
The goblin hits you with a +0 falchion.
Robin hits you from afar with a +3 spear of venom.
* * * LOW HITPOINT WARNING * * *
You closely miss the goblin.
The goblin shouts!
The goblin barely misses you. x2; The goblin hits you with a +0 falchion.
* * * LOW HITPOINT WARNING * * *
Robin throws the goblin at you!
You closely miss the goblin. The goblin hits you with a +0 club.
You die...

#....# ..... ....# #....##
#..........###..#..########
#.........g.g...##.........
##>#.#.#..gg.....#..#######
#..........# #.....#######
###.#.#.#...# #.....)......
#........g######...#.###..##
#.#.#.#.#gg@g....#.......##
#.........g#g......#.#####
#.#.#.#.#....#####...# ##
#.........#### ##..## #.
#>........# ##...### #.
#.........# #......# #.
#.........# #......# #.
#.........# #......# #.
#..)......# #......# #.


You could see Robin and 5 goblins.

Vanquished Creatures
  An adder (D:2)
  A dart slug (D:1)
  A ball python (D:2)
  An endoplasm (D:2)
  6 goblins
  3 hobgoblins
  3 kobolds
  A frilled lizard (D:1)
  2 rats (D:1)
19 creatures vanquished.

Notes
Turn   | Place    | Note
-------+----------+-------------------------------------------
     0 | D:1      | KittyFluff the Gargoyle Berserker began the quest for the
                  | Orb.
     0 | D:1      | Reached XP level 1. HP: 14/14 MP: 1/1
   471 | D:1      | Reached XP level 2. HP: 11/19 MP: 2/2
   897 | D:2      | Reached XP level 3. HP: 23/24 MP: 3/3
  1003 | D:2      | Noticed Robin
  1018 | D:2      | Slain by a goblin

Illustrated notes

Levels and vault maps discovered:
D:1:      dpeg_arrival_rooms_b, layout_loops_ring, minmay_close_crescents
D:2:      layout_rooms, st_stairs_8, uniq_robin

Action                   || total
-------------------------++-------
Melee: Mace              ||    64
Invok: Berserk           ||     1
 Stab: Sleeping          ||     1
Armor: Animal skin       ||    20
Dodge: Dodged            ||    39
